Capitals vs Stars
Created - February 12, 2023 at 23:44
Goals
|
| Capitals |
2 |
2 |
1 |
0 |
5 |
| Stars |
0 |
2 |
3 |
1 |
6 |
|
Shots
|
| Capitals |
13 |
5 |
11 |
3 |
32 |
| Stars |
19 |
7 |
7 |
2 |
35 |
|
1st period
1. Capitals , Cody Hodgson 5 (Patrick Kane 22, Taylor Hall 23) at 16:54 (PP)
2. Capitals , Taylor Hall 14 (Patrick Kane 23) at 17:49
Penalties :
Andrew Ladd (Dal) for Hooking (Minor) at 16:51
2nd period
3. Stars , John Tavares 33 (Michael Grabner 22, Andrej Sustr 6) at 14:41
4. Capitals , Nail Yakupov 10 (Jeff Skinner 11, Brad Richardson 6) at 16:48
5. Capitals , Patrick Kane 18 (Mike Green 13, Taylor Hall 24) at 18:44
6. Stars , John Tavares 34 (Boris Valabik 7, Brian Lee 30) at 19:00
Penalties :
Patrick Kane (Was) for Tripping (Minor) at 1:26
3rd period
7. Stars , Alex Chiasson 17 (Evgeny Grachev 19) at 0:38
8. Stars , Cory Emmerton 10 (Tobias Rieder 6) at 12:41
9. Stars , Tobias Rieder 7 (Cam Atkinson 11, Evgeny Grachev 20) at 18:45
10. Capitals , Taylor Hall 15 (Patrick Kane 24) at 19:30
Penalties :
Sergey Kalinin (Was) for Hooking (Minor) at 5:25, Michael Grabner (Dal) for Tripping (Minor) at 15:20
Overtime #1
11. Stars , Tobias Rieder 8 (Andrej Sustr 7, Paul Ladue 5) at 4:34
Penalties :
No Penalty
Goalie Stats
Chet Pickard (Was), 29 saves from 35 shots - (0.829), OTL, 7-3-4, 64:01 minutes
Jhonas Enroth (Dal), 13 saves from 14 shots - (0.929), W, 2-4-0, 25:50 minutes
Matt Murray (Dal), 14 saves from 18 shots - (0.778), 38:44 minutes
Players Stats for Capitals
Player Name G A P +/- PIM S H SB GA TA FO MP PP MP PK MP
------------------------------------------------------------------------------------
Alexei Marchenko 0 0 0 0 0 2 1 1 0 0 0/0 16:52 0:00 0:00
Ben Hutton 0 0 0 -1 0 2 0 2 0 0 0/0 20:32 0:39 1:30
Blake Pietila 0 0 0 -4 0 0 2 0 0 0 0/0 17:51 0:51 1:04
Brad Richardson 0 1 1 -2 0 2 1 0 0 1 3/9 14:23 0:08 1:27
Brian Ferlin 0 0 0 0 0 0 2 0 0 0 0/0 9:22 0:00 0:00
Cody Hodgson 1 0 1 2 0 3 1 0 0 2 13/30 21:29 1:03 0:42
Eric Wellwood 0 0 0 0 0 1 1 0 1 0 0/0 10:18 0:08 0:20
Jared Spurgeon 0 0 0 -1 0 0 1 0 0 1 0/0 14:03 0:00 0:00
Jason Spezza 0 0 0 -3 0 4 1 0 2 1 0/1 17:04 0:51 0:31
Jeff Skinner 0 1 1 0 0 2 1 0 0 0 0/0 11:09 0:00 0:00
Logan Couture 0 0 0 -2 0 1 2 1 0 1 8/16 15:00 0:51 0:00
Mike Green 0 1 1 0 0 0 0 0 1 2 0/0 29:59 1:23 2:28
Nail Yakupov 1 0 1 0 0 3 0 0 0 0 0/0 11:09 0:00 0:00
Nikita Zaitsev 0 0 0 -2 0 1 1 0 0 1 0/0 17:43 0:39 1:30
Patrick Kane 1 3 4 2 2 3 1 0 3 0 3/4 23:13 1:11 1:00
PK Subban 0 0 0 0 0 1 2 1 0 0 0/0 29:59 1:23 2:28
Sergey Kalinin 0 0 0 0 2 0 0 0 0 0 1/2 10:00 0:00 0:49
Taylor Hall 2 2 4 2 0 7 1 0 0 1 3/4 24:10 1:03 2:03
Players Stats for Stars
Player Name G A P +/- PIM S H SB GA TA FO MP PP MP PK MP
------------------------------------------------------------------------------------
Alex Chiasson 1 0 1 1 0 4 0 0 1 0 1/2 16:25 1:27 0:00
Andrej Sustr 0 2 2 4 0 2 1 0 1 0 0/0 20:54 1:42 0:45
Andrew Ladd 0 0 0 1 2 0 2 0 0 1 0/0 18:23 1:23 0:48
Boris Valabik 0 1 1 -1 0 2 3 1 2 2 0/0 30:12 2:16 1:17
Brian Lee 0 1 1 -1 0 0 3 3 2 1 0/0 30:12 2:16 1:17
Cam Atkinson 0 1 1 2 0 2 2 0 0 0 1/1 12:50 0:28 0:00
Cory Emmerton 1 0 1 1 0 1 1 0 0 0 6/6 12:05 0:03 0:37
Evgeny Grachev 0 2 2 1 0 4 3 0 0 0 6/13 16:52 1:23 0:03
Evgeny Kuznetsov 0 0 0 0 0 3 0 1 1 0 2/3 8:52 0:00 0:00
Guillaume Latendresse 0 0 0 -1 0 0 0 0 1 0 1/4 24:22 2:07 1:05
John Tavares 2 0 2 -1 0 4 0 1 0 2 18/35 24:22 2:07 1:03
Jonathan Drouin 0 0 0 0 0 1 1 0 0 0 0/1 10:17 0:28 0:28
Michael Grabner 0 1 1 -1 2 5 2 1 0 0 0/0 21:19 2:07 0:00
Paul Ladue 0 1 1 4 0 1 0 0 2 1 0/0 20:54 1:42 0:45
Scott Kosmachuck 0 0 0 0 0 0 0 0 0 0 0/1 9:13 0:21 0:00
Tobias Rieder 2 1 3 2 0 3 0 0 0 0 0/0 12:04 0:00 0:00
Tyler Wotherspoon 0 0 0 -1 0 2 1 2 0 0 0/0 13:28 0:00 0:00
Tyson Barrie 0 0 0 -1 0 1 0 1 0 0 0/0 13:28 0:00 0:00
3 Stars
1 - Taylor Hall (Was)
2 - Tobias Rieder (Dal)
3 - Patrick Kane (Was)
Power Play
Capitals - 1 on 2 Attempt(s) - 50.00%
Stars - 0 on 2 Attempt(s) - 0.00%
Penalty Kill
Capitals - 2 on 2 Attempt(s) - 100.00%
- Score 0 goal in Penalty Kill
Stars - 1 on 2 Attempt(s) - 50.00%
- Score 0 goal in Penalty Kill
Team Stat
Capitals - Hits : 18 - Faceoff Wins : 31 - Blocked Shots : 5 - Penalty Minutes : 4
Stars - Hits : 19 - Faceoff Wins : 35 - Blocked Shots : 10 - Penalty Minutes : 4
Official
Referees : Steve Kozari and TJ Luxmore
Linesman : Greg Devorski and Jesse Marquis
Game Notes
Jhonas Enroth enters game at 18:44 of 2nd period
Finance
Level 1 -- Attendance: 5854 (97.57%) -- Ticket Income $585,400
Level 2 -- Attendance: 4918 (98.36%) -- Ticket Income $295,080
Level 3 -- Attendance: 1769 (88.45%) -- Ticket Income $61,915
Level 4 -- Attendance: 3836 (95.90%) -- Ticket Income $95,900
Luxury Box -- Attendance: 1000 (100.00%) -- Ticket Income $200,000
Game was played at the American Airlines Center.
Total Attendance: 17377 (96.54%)
Total Ticket Income: $1,238,295
Other Income: $185,744
Total Income: $1,424,039
Capitals
5 vs 5 Forward
Center Left Wing Right Wing Time % Phy DF OF
1 Cody Hodgson Taylor Hall Patrick Kane 40 0 0 5
2 Logan Couture Blake Pietila Jason Spezza 30 0 0 5
3 Brad Richardson Jeff Skinner Nail Yakupov 20 0 0 5
4 Sergey Kalinin Eric Wellwood Brian Ferlin 10 0 1 4
5 vs 5 Defense
Defense Defense Time % Phy DF OF
1 PK Subban Mike Green 40 0 2 3
2 Alexei Marchenko Ben Hutton 30 0 3 2
3 Jared Spurgeon Nikita Zaitsev 20 0 4 1
4 PK Subban Mike Green 10 0 2 3
PowerPlay Forward
Center Left Wing Right Wing Time % Phy DF OF
1 Cody Hodgson Taylor Hall Patrick Kane 60 0 0 5
2 Logan Couture Blake Pietila Jason Spezza 40 0 0 5
PowerPlay Defense
Defense Defense Time % Phy DF OF
1 PK Subban Mike Green 60 0 1 4
2 Nikita Zaitsev Ben Hutton 40 0 2 3
Penalty Kill 4 Players Forward
Center Wing Time % Phy DF OF
1 Patrick Kane Taylor Hall 60 0 4 1
2 Cody Hodgson Jason Spezza 40 0 4 1
Penalty Kill 4 Players Defense
Defense Defense Time % Phy DF OF
1 PK Subban Mike Green 60 0 5 0
2 Nikita Zaitsev Ben Hutton 40 0 5 0
Penalty Kill - 3 Players Forward
Forward Time % Phy DF OF
1 Patrick Kane 60 0 5 0
2 Taylor Hall 40 0 5 0
Penalty Kill - 3 Players Defense
Defense Defense Time % Phy DF OF
1 PK Subban Mike Green 60 0 5 0
2 Nikita Zaitsev Ben Hutton 40 0 5 0
4 vs 4 Forward
Center Wing Time % Phy DF OF
1 Patrick Kane Taylor Hall 60 0 0 5
2 Cody Hodgson Jason Spezza 40 0 0 5
4 vs 4 Defense
Defense Defense Time % Phy DF OF
1 PK Subban Mike Green 60 0 3 2
2 Nikita Zaitsev Ben Hutton 40 0 3 2
Last Minutes Offensive
Center Left Wing Right Wing Defense Defense
Cody Hodgson Taylor Hall Patrick Kane PK Subban Mike Green
Last Minutes Defensive
Center Left Wing Right Wing Defense Defense
Sergey Kalinin Blake Pietila Patrick Kane PK Subban Mike Green
Goaltenders
Starting : Chet Pickard
Backup : Cory Schneider
Extra Forwards
Normal : Patrick Kane, Taylor Hall, Jason Spezza - PP : Patrick Kane, Taylor Hall - PK : Sergey Kalinin
Extra Defensemen
Normal : PK Subban, Mike Green, Nikita Zaitsev - PP : PK Subban - PK : Nikita Zaitsev, PK Subban
Penalty Shots
Cody Hodgson, Taylor Hall, Patrick Kane, Nail Yakupov, Jason Spezza
Scratches
Dmitrij Jaskin (Healthy), Kevin Porter (Healthy)
Stars
5 vs 5 Forward
Center Left Wing Right Wing Time % Phy DF OF
1 John Tavares Guillaume Latendresse Michael Grabner 40 1 2 2
2 Evgeny Grachev Andrew Ladd Alex Chiasson 30 1 2 2
3 Cory Emmerton Tobias Rieder Cam Atkinson 20 1 2 2
4 Evgeny Kuznetsov Jonathan Drouin Scott Kosmachuck 10 1 2 2
5 vs 5 Defense
Defense Defense Time % Phy DF OF
1 Boris Valabik Brian Lee 40 1 2 2
2 Andrej Sustr Paul Ladue 30 1 2 2
3 Tyler Wotherspoon Tyson Barrie 20 1 2 2
4 Boris Valabik Brian Lee 10 1 2 2
PowerPlay Forward
Center Left Wing Right Wing Time % Phy DF OF
1 John Tavares Guillaume Latendresse Michael Grabner 60 0 2 3
2 Evgeny Grachev Andrew Ladd Alex Chiasson 40 0 2 3
PowerPlay Defense
Defense Defense Time % Phy DF OF
1 Boris Valabik Brian Lee 60 1 2 2
2 Andrej Sustr Paul Ladue 40 1 2 2
Penalty Kill 4 Players Forward
Center Wing Time % Phy DF OF
1 John Tavares Guillaume Latendresse 60 1 2 2
2 Evgeny Grachev Andrew Ladd 40 1 2 2
Penalty Kill 4 Players Defense
Defense Defense Time % Phy DF OF
1 Boris Valabik Brian Lee 60 0 3 2
2 Andrej Sustr Paul Ladue 40 0 3 2
Penalty Kill - 3 Players Forward
Forward Time % Phy DF OF
1 John Tavares 60 1 2 2
2 Evgeny Grachev 40 1 2 2
Penalty Kill - 3 Players Defense
Defense Defense Time % Phy DF OF
1 Boris Valabik Brian Lee 60 0 3 2
2 Andrej Sustr Paul Ladue 40 0 3 2
4 vs 4 Forward
Center Wing Time % Phy DF OF
1 John Tavares Guillaume Latendresse 60 0 2 3
2 Evgeny Grachev Andrew Ladd 40 0 2 3
4 vs 4 Defense
Defense Defense Time % Phy DF OF
1 Boris Valabik Brian Lee 60 1 2 2
2 Andrej Sustr Paul Ladue 40 1 2 2
Last Minutes Offensive
Center Left Wing Right Wing Defense Defense
John Tavares Guillaume Latendresse Michael Grabner Boris Valabik Brian Lee
Last Minutes Defensive
Center Left Wing Right Wing Defense Defense
John Tavares Guillaume Latendresse Michael Grabner Boris Valabik Brian Lee
Goaltenders
Starting : Matt Murray
Backup : Jhonas Enroth
Extra Forwards
Normal : Andrew Ladd, Cam Atkinson, Tobias Rieder - PP : Andrew Ladd, Cam Atkinson - PK : Andrew Ladd
Extra Defensemen
Normal : Paul Ladue, Tyler Wotherspoon, Tyson Barrie - PP : Paul Ladue - PK : Paul Ladue, Tyler Wotherspoon
Penalty Shots
John Tavares, Michael Grabner, Guillaume Latendresse, Alex Chiasson, Andrew Ladd
Scratches
Tyler Brenner (Healthy)
% Time on Ice - Capitals
Lines # - Real PCT - Wanted PCT - Time Play
Normal Forward
1 - 35% - 40% - 18:29
2 - 27% - 30% - 14:36
3 - 21% - 20% - 11:09
4 - 17% - 10% - 9:01
Normal Defense
1 - 36% - 40% - 19:16
2 - 31% - 30% - 16:36
3 - 26% - 20% - 13:40
4 - 7% - 10% - 3:43
PP Forward
1 - 58% - 60% - 1:11
2 - 42% - 40% - 0:51
PP Defense
1 - 68% - 60% - 1:23
2 - 32% - 40% - 0:39
PK Forward
1 - 87% - 60% - 3:27
2 - 13% - 40% - 0:31
PK Defense
1 - 62% - 60% - 2:28
2 - 38% - 40% - 1:30
PK3 Forward
1 - 0% - 60%
2 - 0% - 40%
PK3 Defense
1 - 0% - 60%
2 - 0% - 40%
44 Forward
1 - 85% - 60% - 3:53
2 - 15% - 40% - 0:41
44 Defense
1 - 66% - 60% - 3:01
2 - 34% - 40% - 1:33
Last Minute Offensive - 0:45
Last Minute Defensive - 0:00
Total
Forward - 64:34
Defense - 64:34
|
% Time on Ice - Stars
Lines # - Real PCT - Wanted PCT - Time Play
Normal Forward
1 - 35% - 40% - 18:35
2 - 28% - 30% - 14:58
3 - 20% - 20% - 10:50
4 - 17% - 10% - 8:52
Normal Defense
1 - 39% - 40% - 20:41
2 - 30% - 30% - 16:10
3 - 25% - 20% - 13:28
4 - 6% - 10% - 2:56
PP Forward
1 - 63% - 60% - 2:31
2 - 37% - 40% - 1:27
PP Defense
1 - 57% - 60% - 2:16
2 - 43% - 40% - 1:42
PK Forward
1 - 98% - 60% - 1:59
2 - 2% - 40% - 0:03
PK Defense
1 - 63% - 60% - 1:17
2 - 37% - 40% - 0:45
PK3 Forward
1 - 0% - 60%
2 - 0% - 40%
PK3 Defense
1 - 0% - 60%
2 - 0% - 40%
44 Forward
1 - 90% - 60% - 4:06
2 - 10% - 40% - 0:28
44 Defense
1 - 50% - 60% - 2:17
2 - 50% - 40% - 2:17
Last Minute Offensive - 0:00
Last Minute Defensive - 0:45
Total
Forward - 64:34
Defense - 64:34
|
Play-by-Play
1st period
0:01 of 1st period - John Tavares wins face-off versus Cody Hodgson in neutral zone.
0:08 of 1st period - Wrist shot by Michael Grabner.
0:08 of 1st period - Stopped by Chet Pickard without a rebound.
0:09 of 1st period - John Tavares wins face-off versus Cody Hodgson in Capitals zone.
0:10 of 1st period - Wrist shot by Michael Grabner.
0:10 of 1st period - Stopped by Chet Pickard without a rebound.
0:11 of 1st period - Evgeny Grachev wins face-off versus Logan Couture in Capitals zone.
0:12 of 1st period - Snap shot by Alex Chiasson.
0:12 of 1st period - Stopped by Chet Pickard without a rebound.
0:13 of 1st period - Evgeny Grachev wins face-off versus Logan Couture in Capitals zone.
0:20 of 1st period - Slapshot by Evgeny Grachev.
0:20 of 1st period - Shot Misses the Net.
1:01 of 1st period - Icing by Andrej Sustr.
1:02 of 1st period - John Tavares wins face-off versus Sergey Kalinin in Stars zone.
1:24 of 1st period - Off-side.
1:25 of 1st period - Evgeny Kuznetsov wins face-off versus Cody Hodgson in neutral zone.
1:30 of 1st period - Slapshot by Jonathan Drouin.
1:30 of 1st period - Stopped by Chet Pickard without a rebound.
1:31 of 1st period - Cody Hodgson wins face-off versus Jonathan Drouin in Capitals zone.
1:36 of 1st period - Slapshot by Scott Kosmachuck.
1:36 of 1st period - Deflect By Evgeny Kuznetsov.
1:36 of 1st period - Stopped by Chet Pickard with a rebound.
2:05 of 1st period - Snap shot by Jason Spezza.
2:05 of 1st period - Shot Misses the Net.
2:19 of 1st period - Snap shot by Jeff Skinner.
2:19 of 1st period - Shot Misses the Net.
2:21 of 1st period - Wrist shot by Nail Yakupov.
2:21 of 1st period - Deflect By Brad Richardson.
2:21 of 1st period - Stopped by Matt Murray without a rebound.
2:22 of 1st period - Brad Richardson wins face-off versus Guillaume Latendresse in Stars zone.
2:23 of 1st period - Wrist shot by Jeff Skinner.
2:23 of 1st period - Stopped by Matt Murray without a rebound.
2:24 of 1st period - Cody Hodgson wins face-off versus John Tavares in Stars zone.
2:33 of 1st period - Wrist shot by Taylor Hall.
2:33 of 1st period - Shot Blocked by Tyler Wotherspoon.
2:45 of 1st period - Wrist shot by Michael Grabner.
2:45 of 1st period - Shot Misses the Net.
2:56 of 1st period - Slapshot by Boris Valabik.
2:56 of 1st period - Stopped by Chet Pickard with a rebound.
2:58 of 1st period - Slapshot by John Tavares.
2:58 of 1st period - Stopped by Chet Pickard without a rebound.
2:59 of 1st period - Cory Emmerton wins face-off versus Logan Couture in Capitals zone.
3:36 of 1st period - Slapshot by Alex Chiasson.
3:36 of 1st period - Stopped by Chet Pickard without a rebound.
3:37 of 1st period - Cody Hodgson wins face-off versus John Tavares in Capitals zone.
3:39 of 1st period - Icing by Patrick Kane.
3:40 of 1st period - John Tavares wins face-off versus Cody Hodgson in Capitals zone.
5:43 of 1st period - Wrist shot by Logan Couture.
5:43 of 1st period - Stopped by Matt Murray without a rebound.
5:44 of 1st period - Logan Couture wins face-off versus Scott Kosmachuck in Stars zone.
6:09 of 1st period - Wrist shot by Logan Couture.
6:09 of 1st period - Shot Misses the Net.
6:11 of 1st period - Wrist shot by Alexei Marchenko.
6:11 of 1st period - Shot Blocked by Brian Lee.
6:13 of 1st period - Slapshot by Alexei Marchenko.
6:13 of 1st period - Stopped by Matt Murray with a rebound.
6:15 of 1st period - Slapshot by Alexei Marchenko.
6:15 of 1st period - Deflect By Blake Pietila.
6:15 of 1st period - Shot Misses the Net.
6:15 of 1st period - Puck is out of play.
6:16 of 1st period - John Tavares wins face-off versus Cody Hodgson in Stars zone.
6:43 of 1st period - Andrej Sustr is hit by Brad Richardson and loses puck.
7:06 of 1st period - Wrist shot by Cam Atkinson.
7:06 of 1st period - Shot Misses the Net.
7:12 of 1st period - Snap shot by Cory Emmerton.
7:12 of 1st period - Deflect By Cam Atkinson.
7:12 of 1st period - Stopped by Chet Pickard with a rebound.
7:14 of 1st period - Slapshot by Andrej Sustr.
7:14 of 1st period - Deflect By Cam Atkinson.
7:14 of 1st period - Stopped by Chet Pickard with a rebound.
8:19 of 1st period - Snap shot by Evgeny Grachev.
8:19 of 1st period - Stopped by Chet Pickard with a rebound.
8:38 of 1st period - Wrist shot by Tobias Rieder.
8:38 of 1st period - Shot Misses the Net.
9:34 of 1st period - Snap shot by Cory Emmerton.
9:34 of 1st period - Shot Misses the Net.
9:36 of 1st period - Snap shot by Tyler Wotherspoon.
9:36 of 1st period - Deflect By Taylor Hall.
9:36 of 1st period - Stopped by Chet Pickard without a rebound.
9:37 of 1st period - Cory Emmerton wins face-off versus Brad Richardson in Capitals zone.
9:40 of 1st period - Snap shot by Tobias Rieder.
9:40 of 1st period - Shot Misses the Net.
9:42 of 1st period - Snap shot by Tyler Wotherspoon.
9:42 of 1st period - Stopped by Chet Pickard without a rebound.
9:43 of 1st period - Brad Richardson wins face-off versus Evgeny Grachev in Capitals zone.
10:17 of 1st period - Wrist shot by Taylor Hall.
10:17 of 1st period - Stopped by Matt Murray without a rebound.
10:18 of 1st period - Cody Hodgson wins face-off versus Evgeny Grachev in Stars zone.
11:14 of 1st period - Brian Lee is hit by PK Subban and loses puck.
11:25 of 1st period - Brian Lee is hit by Eric Wellwood and loses puck.
11:48 of 1st period - Wrist shot by Evgeny Kuznetsov.
11:48 of 1st period - Stopped by Chet Pickard without a rebound.
11:49 of 1st period - Cody Hodgson wins face-off versus Evgeny Kuznetsov in Capitals zone.
12:00 of 1st period - Wrist shot by Evgeny Kuznetsov.
12:00 of 1st period - Stopped by Chet Pickard with a rebound.
12:02 of 1st period - Snap shot by Jonathan Drouin.
12:02 of 1st period - Shot Blocked by Ben Hutton.
12:04 of 1st period - Slapshot by Tyson Barrie.
12:04 of 1st period - Stopped by Chet Pickard without a rebound.
12:05 of 1st period - Logan Couture wins face-off versus John Tavares in Capitals zone.
12:18 of 1st period - Andrej Sustr is hit by Logan Couture and loses puck.
12:42 of 1st period - Backhand shot by Patrick Kane.
12:42 of 1st period - Shot Misses the Net.
12:44 of 1st period - Wrist shot by Mike Green.
12:44 of 1st period - Deflect By Cody Hodgson.
12:44 of 1st period - Stopped by Matt Murray with a rebound.
12:56 of 1st period - Alexei Marchenko is hit by Boris Valabik.
13:43 of 1st period - Snap shot by Michael Grabner.
13:43 of 1st period - Shot Misses the Net.
13:45 of 1st period - Wrist shot by Michael Grabner.
13:45 of 1st period - Shot Blocked by Logan Couture.
14:09 of 1st period - Snap shot by Blake Pietila.
14:09 of 1st period - Deflect By Andrew Ladd.
14:09 of 1st period - Shot Misses the Net.
14:09 of 1st period - Puck is out of play.
14:10 of 1st period - Cody Hodgson wins face-off versus John Tavares in Stars zone.
14:37 of 1st period - Brad Richardson is hit by Andrew Ladd and loses puck.
16:02 of 1st period - Snap shot by Andrew Ladd.
16:02 of 1st period - Shot Misses the Net.
16:24 of 1st period - Wrist shot by Eric Wellwood.
16:24 of 1st period - Stopped by Matt Murray without a rebound.
16:25 of 1st period - John Tavares wins face-off versus Cody Hodgson in Stars zone.
16:34 of 1st period - Snap shot by Michael Grabner.
16:34 of 1st period - Stopped by Chet Pickard with a rebound.
16:36 of 1st period - Snap shot by Boris Valabik.
16:36 of 1st period - Deflect By Michael Grabner.
16:36 of 1st period - Stopped by Chet Pickard with a rebound.
16:38 of 1st period - Wrist shot by Michael Grabner.
16:38 of 1st period - Stopped by Chet Pickard with a rebound.
16:40 of 1st period - Wrist shot by John Tavares.
16:40 of 1st period - Deflect By Guillaume Latendresse.
16:40 of 1st period - Shot Misses the Net.
16:40 of 1st period - Puck is out of play.
16:41 of 1st period - Logan Couture wins face-off versus Evgeny Grachev in Capitals zone.
16:51 of 1st period - Minor Penalty to Andrew Ladd for Hooking.
16:52 of 1st period - Taylor Hall wins face-off versus John Tavares in Stars zone.
16:54 of 1st period - Wrist shot by Cody Hodgson.
16:54 of 1st period - Goal by Cody Hodgson - Capitals : 1 - Stars : 0.
16:55 of 1st period - Guillaume Latendresse wins face-off versus Cody Hodgson in neutral zone.
17:01 of 1st period - Off-side.
17:02 of 1st period - John Tavares wins face-off versus Cody Hodgson in neutral zone.
17:29 of 1st period - Snap shot by Taylor Hall.
17:29 of 1st period - Stopped by Matt Murray with a rebound.
17:31 of 1st period - Snap shot by Patrick Kane.
17:31 of 1st period - Stopped by Matt Murray with a rebound.
17:49 of 1st period - Wrist shot by Taylor Hall.
17:49 of 1st period - Goal by Taylor Hall - Capitals : 2 - Stars : 0.
17:50 of 1st period - Logan Couture wins face-off versus Evgeny Grachev in neutral zone.
17:59 of 1st period - Paul Ladue is hit by Alexei Marchenko and loses puck.
18:16 of 1st period - Alexei Marchenko is hit by Cory Emmerton and loses puck.
18:35 of 1st period - John Tavares is hit by Brian Ferlin and loses puck.
19:23 of 1st period - Slapshot by Nikita Zaitsev.
19:23 of 1st period - Stopped by Matt Murray with a rebound.
19:25 of 1st period - Slapshot by Jared Spurgeon.
19:25 of 1st period - Shot Blocked by Tyson Barrie.
19:27 of 1st period - Slapshot by Jason Spezza.
19:27 of 1st period - Stopped by Matt Murray without a rebound.
19:28 of 1st period - John Tavares wins face-off versus Logan Couture in Stars zone.
Goals for this period are 2 for Capitals vs 0 for Stars.
Shots for this period are 13 for Capitals vs 19 for Stars.
2nd period
0:01 of 2nd period - Cody Hodgson wins face-off versus John Tavares in neutral zone.
0:06 of 2nd period - Snap shot by Cody Hodgson.
0:06 of 2nd period - Shot Misses the Net.
0:14 of 2nd period - Cody Hodgson is hit by Michael Grabner and loses puck.
0:48 of 2nd period - Wrist shot by Brad Richardson.
0:48 of 2nd period - Shot Misses the Net.
0:50 of 2nd period - Snap shot by Brad Richardson.
0:50 of 2nd period - Stopped by Matt Murray without a rebound.
0:51 of 2nd period - Brad Richardson wins face-off versus John Tavares in Stars zone.
1:07 of 2nd period - Icing by Paul Ladue.
1:08 of 2nd period - John Tavares wins face-off versus Cody Hodgson in Stars zone.
1:15 of 2nd period - Wrist shot by John Tavares.
1:15 of 2nd period - Shot Misses the Net.
1:17 of 2nd period - Snap shot by Guillaume Latendresse.
1:17 of 2nd period - Shot Misses the Net.
1:26 of 2nd period - Minor Penalty to Patrick Kane for Tripping.
1:27 of 2nd period - Sergey Kalinin wins face-off versus John Tavares in Capitals zone.
1:37 of 2nd period - Sergey Kalinin is hit by Brian Lee and loses puck.
1:44 of 2nd period - Wrist shot by Michael Grabner.
1:44 of 2nd period - Shot Misses the Net.
3:26 of 2nd period - Penalty to Patrick Kane is over, Patrick Kane is back on ice.
3:36 of 2nd period - Wrist shot by Logan Couture.
3:36 of 2nd period - Shot Misses the Net.
4:09 of 2nd period - Patrick Kane is hit by Tyler Wotherspoon and loses puck.
6:05 of 2nd period - Off-side.
6:06 of 2nd period - Evgeny Grachev wins face-off versus Logan Couture in neutral zone.
6:43 of 2nd period - Wrist shot by Evgeny Grachev.
6:43 of 2nd period - Stopped by Chet Pickard with a rebound.
6:45 of 2nd period - Slapshot by Andrej Sustr.
6:45 of 2nd period - Stopped by Chet Pickard with a rebound.
8:09 of 2nd period - Snap shot by Evgeny Grachev.
8:09 of 2nd period - Stopped by Chet Pickard without a rebound.
8:10 of 2nd period - John Tavares wins face-off versus Cody Hodgson in Capitals zone.
8:36 of 2nd period - John Tavares is hit by PK Subban and loses puck.
9:00 of 2nd period - Snap shot by John Tavares.
9:00 of 2nd period - Shot Blocked by Alexei Marchenko.
11:20 of 2nd period - Boris Valabik is hit by Jared Spurgeon.
12:00 of 2nd period - Guillaume Latendresse is hit by Brian Ferlin and loses puck.
12:11 of 2nd period - Paul Ladue is hit by Jason Spezza and loses puck.
12:22 of 2nd period - Wrist shot by Jeff Skinner.
12:22 of 2nd period - Stopped by Matt Murray without a rebound.
12:23 of 2nd period - Evgeny Grachev wins face-off versus Brad Richardson in Stars zone.
12:31 of 2nd period - Off-side.
12:32 of 2nd period - Evgeny Grachev wins face-off versus Cody Hodgson in neutral zone.
12:35 of 2nd period - Taylor Hall is hit by Andrew Ladd and loses puck.
13:06 of 2nd period - Snap shot by Logan Couture.
13:06 of 2nd period - Shot Misses the Net.
13:18 of 2nd period - Slapshot by Brian Lee.
13:18 of 2nd period - Shot Blocked by PK Subban.
14:02 of 2nd period - Backhand shot by Boris Valabik.
14:02 of 2nd period - Shot Misses the Net.
14:27 of 2nd period - Wrist shot by Nail Yakupov.
14:27 of 2nd period - Stopped by Matt Murray without a rebound.
14:28 of 2nd period - John Tavares wins face-off versus Brad Richardson in Stars zone.
14:41 of 2nd period - Snap shot by John Tavares.
14:41 of 2nd period - Goal by John Tavares - Capitals : 2 - Stars : 1.
14:42 of 2nd period - John Tavares wins face-off versus Cody Hodgson in neutral zone.
14:44 of 2nd period - Off-side.
14:45 of 2nd period - John Tavares wins face-off versus Cody Hodgson in neutral zone.
14:55 of 2nd period - Icing by Taylor Hall.
14:56 of 2nd period - John Tavares wins face-off versus Cody Hodgson in Capitals zone.
14:57 of 2nd period - Slapshot by Michael Grabner.
14:57 of 2nd period - Shot Misses the Net.
15:37 of 2nd period - Slapshot by Boris Valabik.
15:37 of 2nd period - Deflect By PK Subban.
15:37 of 2nd period - Stopped by Chet Pickard with a rebound.
15:49 of 2nd period - Michael Grabner is hit by Patrick Kane and loses puck.
16:07 of 2nd period - Off-side.
16:08 of 2nd period - Alex Chiasson wins face-off versus Logan Couture in neutral zone.
16:48 of 2nd period - Wrist shot by Nail Yakupov.
16:48 of 2nd period - Goal by Nail Yakupov - Capitals : 3 - Stars : 1.
16:49 of 2nd period - Evgeny Grachev wins face-off versus Logan Couture in neutral zone.
17:04 of 2nd period - Snap shot by Logan Couture.
17:04 of 2nd period - Shot Blocked by Boris Valabik.
17:14 of 2nd period - PK Subban is hit by Michael Grabner and loses puck.
18:40 of 2nd period - Backhand shot by Patrick Kane.
18:40 of 2nd period - Shot Blocked by Michael Grabner.
18:42 of 2nd period - Slapshot by Mike Green.
18:42 of 2nd period - Shot Blocked by John Tavares.
18:44 of 2nd period - Slapshot by Patrick Kane.
18:44 of 2nd period - Goal by Patrick Kane - Capitals : 4 - Stars : 1.
18:44 of 2nd period - Jhonas Enroth enters game.
18:45 of 2nd period - John Tavares wins face-off versus Cody Hodgson in neutral zone.
19:00 of 2nd period - Wrist shot by John Tavares.
19:00 of 2nd period - Goal by John Tavares - Capitals : 4 - Stars : 2.
19:01 of 2nd period - Patrick Kane wins face-off versus Guillaume Latendresse in neutral zone.
19:27 of 2nd period - Cody Hodgson is hit by Cam Atkinson.
19:37 of 2nd period - Wrist shot by Tobias Rieder.
19:37 of 2nd period - Stopped by Chet Pickard without a rebound.
19:38 of 2nd period - Logan Couture wins face-off versus John Tavares in Capitals zone.
19:47 of 2nd period - Wrist shot by Jason Spezza.
19:47 of 2nd period - Shot Misses the Net.
Goals for this period are 2 for Capitals vs 2 for Stars.
Shots for this period are 5 for Capitals vs 7 for Stars.
3rd period
0:01 of 3rd period - Cody Hodgson wins face-off versus John Tavares in neutral zone.
0:26 of 3rd period - Jason Spezza is hit by Evgeny Grachev and loses puck.
0:30 of 3rd period - Icing by Blake Pietila.
0:31 of 3rd period - Logan Couture wins face-off versus Evgeny Grachev in Capitals zone.
0:36 of 3rd period - Wrist shot by Alex Chiasson.
0:36 of 3rd period - Stopped by Chet Pickard with a rebound.
0:38 of 3rd period - Snap shot by Alex Chiasson.
0:38 of 3rd period - Goal by Alex Chiasson - Capitals : 4 - Stars : 3.
0:39 of 3rd period - Cody Hodgson wins face-off versus John Tavares in neutral zone.
0:47 of 3rd period - Icing by Brian Lee.
0:48 of 3rd period - Cody Hodgson wins face-off versus John Tavares in Stars zone.
0:55 of 3rd period - Wrist shot by Patrick Kane.
0:55 of 3rd period - Shot Misses the Net.
0:57 of 3rd period - Snap shot by Cody Hodgson.
0:57 of 3rd period - Stopped by Jhonas Enroth without a rebound.
0:58 of 3rd period - Cody Hodgson wins face-off versus Evgeny Grachev in Stars zone.
1:03 of 3rd period - Snap shot by Cody Hodgson.
1:03 of 3rd period - Deflect By Taylor Hall.
1:03 of 3rd period - Stopped by Jhonas Enroth with a rebound.
1:05 of 3rd period - Snap shot by Cody Hodgson.
1:05 of 3rd period - Shot Blocked by Brian Lee.
1:07 of 3rd period - Snap shot by Taylor Hall.
1:07 of 3rd period - Shot Misses the Net.
1:47 of 3rd period - Paul Ladue is hit by Jeff Skinner and loses puck.
2:01 of 3rd period - Icing by Paul Ladue.
2:02 of 3rd period - Evgeny Kuznetsov wins face-off versus Cody Hodgson in Stars zone.
2:07 of 3rd period - Slapshot by Taylor Hall.
2:07 of 3rd period - Shot Misses the Net.
2:09 of 3rd period - Backhand shot by Ben Hutton.
2:09 of 3rd period - Stopped by Jhonas Enroth with a rebound.
2:11 of 3rd period - Wrist shot by Patrick Kane.
2:11 of 3rd period - Stopped by Jhonas Enroth without a rebound.
2:12 of 3rd period - John Tavares wins face-off versus Cody Hodgson in Stars zone.
2:39 of 3rd period - Taylor Hall is hit by Boris Valabik.
2:45 of 3rd period - Slapshot by Paul Ladue.
2:45 of 3rd period - Stopped by Chet Pickard with a rebound.
2:53 of 3rd period - Snap shot by Alexei Marchenko.
2:53 of 3rd period - Stopped by Jhonas Enroth without a rebound.
2:54 of 3rd period - Logan Couture wins face-off versus Evgeny Grachev in Stars zone.
3:23 of 3rd period - Wrist shot by Michael Grabner.
3:23 of 3rd period - Shot Misses the Net.
4:21 of 3rd period - Patrick Kane is hit by Evgeny Grachev and loses puck.
5:00 of 3rd period - Tyler Wotherspoon is hit by Logan Couture and loses puck.
5:23 of 3rd period - Wrist shot by Evgeny Grachev.
5:23 of 3rd period - Stopped by Chet Pickard with a rebound.
5:25 of 3rd period - Minor Penalty to Sergey Kalinin for Hooking.
5:26 of 3rd period - John Tavares wins face-off versus Patrick Kane in Capitals zone.
6:17 of 3rd period - Slapshot by Cody Hodgson.
6:17 of 3rd period - Shot Misses the Net.
7:25 of 3rd period - Penalty to Sergey Kalinin is over, Sergey Kalinin is back on ice.
7:27 of 3rd period - Brad Richardson is hit by Boris Valabik and loses puck.
10:01 of 3rd period - Snap shot by John Tavares.
10:01 of 3rd period - Shot Misses the Net.
10:16 of 3rd period - Cody Hodgson is hit by Brian Lee and loses puck.
10:31 of 3rd period - Slapshot by Eric Wellwood.
10:31 of 3rd period - Shot Misses the Net.
10:33 of 3rd period - Wrist shot by Eric Wellwood.
10:33 of 3rd period - Shot Blocked by Evgeny Kuznetsov.
11:07 of 3rd period - Brian Lee is hit by Taylor Hall and loses puck.
11:12 of 3rd period - Snap shot by Cody Hodgson.
11:12 of 3rd period - Shot Misses the Net.
11:28 of 3rd period - Alex Chiasson is hit by Blake Pietila and loses puck.
11:45 of 3rd period - Jared Spurgeon is hit by Cam Atkinson and loses puck.
12:34 of 3rd period - Icing by Tobias Rieder.
12:35 of 3rd period - Cory Emmerton wins face-off versus Logan Couture in Stars zone.
12:35 of 3rd period - Cory Emmerton is hit by Blake Pietila.
12:41 of 3rd period - Snap shot by Cory Emmerton.
12:41 of 3rd period - Goal by Cory Emmerton - Capitals : 4 - Stars : 4.
12:42 of 3rd period - Patrick Kane wins face-off versus John Tavares in neutral zone.
12:55 of 3rd period - Snap shot by Michael Grabner.
12:55 of 3rd period - Shot Misses the Net.
13:09 of 3rd period - Mike Green is hit by Brian Lee and loses puck.
14:12 of 3rd period - Snap shot by John Tavares.
14:12 of 3rd period - Deflect By Taylor Hall.
14:12 of 3rd period - Stopped by Chet Pickard without a rebound.
14:13 of 3rd period - Cody Hodgson wins face-off versus John Tavares in Capitals zone.
14:44 of 3rd period - Wrist shot by Jason Spezza.
14:44 of 3rd period - Stopped by Jhonas Enroth without a rebound.
14:45 of 3rd period - Logan Couture wins face-off versus Alex Chiasson in Stars zone.
14:46 of 3rd period - Snap shot by Blake Pietila.
14:46 of 3rd period - Shot Misses the Net.
14:48 of 3rd period - Wrist shot by Logan Couture.
14:48 of 3rd period - Shot Misses the Net.
14:50 of 3rd period - Slapshot by Ben Hutton.
14:50 of 3rd period - Shot Blocked by Tyler Wotherspoon.
14:52 of 3rd period - Wrist shot by Jason Spezza.
14:52 of 3rd period - Stopped by Jhonas Enroth with a rebound.
14:54 of 3rd period - Wrist shot by Logan Couture.
14:54 of 3rd period - Shot Misses the Net.
14:56 of 3rd period - Snap shot by Ben Hutton.
14:56 of 3rd period - Stopped by Jhonas Enroth without a rebound.
14:57 of 3rd period - John Tavares wins face-off versus Taylor Hall in Stars zone.
15:20 of 3rd period - Minor Penalty to Michael Grabner for Tripping.
15:21 of 3rd period - Taylor Hall wins face-off versus Guillaume Latendresse in Stars zone.
17:20 of 3rd period - Penalty to Michael Grabner is over, Michael Grabner is back on ice.
17:25 of 3rd period - Evgeny Grachev is hit by Nikita Zaitsev and loses puck.
18:45 of 3rd period - Snap shot by Tobias Rieder.
18:45 of 3rd period - Goal by Tobias Rieder - Capitals : 4 - Stars : 5.
18:46 of 3rd period - Cody Hodgson wins face-off versus John Tavares in neutral zone.
18:57 of 3rd period - Capitals, Chet Pickard is pulled from the net.
18:57 of 3rd period - Wrist shot by Cody Hodgson.
18:57 of 3rd period - Shot Misses the Net.
19:03 of 3rd period - Snap shot by Taylor Hall.
19:03 of 3rd period - Stopped by Jhonas Enroth without a rebound.
19:04 of 3rd period - Jacques Lemaire call a timeout for Capitals.
19:04 of 3rd period - Taylor Hall wins face-off versus John Tavares in Stars zone.
19:12 of 3rd period - Slapshot by Patrick Kane.
19:12 of 3rd period - Shot Blocked by Brian Lee.
19:30 of 3rd period - Snap shot by Taylor Hall.
19:30 of 3rd period - Goal by Taylor Hall - Capitals : 5 - Stars : 5.
19:30 of 3rd period - Chet Pickard from Capitals was sent back in the game.
19:31 of 3rd period - Cory Emmerton wins face-off versus Brad Richardson in neutral zone.
19:37 of 3rd period - Icing by Nail Yakupov.
19:38 of 3rd period - Cory Emmerton wins face-off versus Brad Richardson in Capitals zone.
19:51 of 3rd period - Snap shot by Nail Yakupov.
19:51 of 3rd period - Stopped by Jhonas Enroth without a rebound.
19:52 of 3rd period - Cory Emmerton wins face-off versus Brad Richardson in Stars zone.
Goals for this period are 1 for Capitals vs 3 for Stars.
Shots for this period are 11 for Capitals vs 7 for Stars.
Overtime #1
0:01 of 1st overtime period - Patrick Kane wins face-off versus John Tavares in neutral zone.
0:14 of 1st overtime period - Snap shot by Taylor Hall.
0:14 of 1st overtime period - Stopped by Jhonas Enroth with a rebound.
1:03 of 1st overtime period - Snap shot by PK Subban.
1:03 of 1st overtime period - Stopped by Jhonas Enroth without a rebound.
1:04 of 1st overtime period - Cam Atkinson wins face-off versus Jason Spezza in Stars zone.
1:17 of 1st overtime period - Snap shot by Jason Spezza.
1:17 of 1st overtime period - Stopped by Jhonas Enroth with a rebound.
3:18 of 1st overtime period - Jason Spezza is hit by Jonathan Drouin and loses puck.
3:25 of 1st overtime period - Jonathan Drouin is hit by Cody Hodgson.
3:53 of 1st overtime period - PK Subban is hit by Andrej Sustr.
3:57 of 1st overtime period - Blake Pietila is hit by Evgeny Grachev and loses puck.
4:30 of 1st overtime period - Slapshot by Paul Ladue.
4:30 of 1st overtime period - Shot Blocked by Ben Hutton.
4:32 of 1st overtime period - Slapshot by Andrej Sustr.
4:32 of 1st overtime period - Deflect By Ben Hutton.
4:32 of 1st overtime period - Stopped by Chet Pickard with a rebound.
4:34 of 1st overtime period - Wrist shot by Tobias Rieder.
4:34 of 1st overtime period - Goal by Tobias Rieder - Capitals : 5 - Stars : 6.
Goals for this period are 0 for Capitals vs 1 for Stars.
Shots for this period are 3 for Capitals vs 2 for Stars.